 Dungeon Crawl Stone Soup version 0.30-a0-728-gc68057be0a (webtiles) character file.

Game seed: 16218466237209183560

326 jimonade the Sneak (level 6, -1/28 (30) HPs)
             Began as a Vine Stalker Brigand on Jan 30, 2023.
             Slain by Crazy Yiuf
             ... wielding a +3 quarterstaff of chaos
              (8 damage)
             ... on level 3 of the Dungeon.
             The game lasted 00:07:19 (2730 turns).

jimonade the Sneak (Vine Stalker Brigand)           Turns: 2730, Time: 00:07:19

HP:   -1/28 (30)    AC:  5    Str: 14    XL:     6   Next: 49%
MP:   0/7           EV: 17    Int: 11    God:
Gold: 226           SH:  0    Dex: 17    Spells: 5/5 levels left

rFire   . . .      SeeInvis .    a - +2 dagger (freeze)
rCold   . . .      Faith    .    (no shield)
rNeg    . . .      Spirit   +    s - +0 leather armour
rPois   .          Reflect  .    (no helmet)
rElec   .          Harm     .    c - +0 cloak
rCorr   .          Rampage  .    h - +0 pair of gloves
Will    +....                    (no boots)
Stlth   +++                      (no amulet)
HPRegen 1.04/turn                z - ring of willpower
MPRegen 0.10/turn                (no ring)

@: agile, drained
A: fangs 2, regeneration 1, magic shield, antimagic bite, no potion heal 2
a: no special abilities


You were on level 3 of the Dungeon.
You visited 1 branch of the dungeon, and saw 3 of its levels.

You collected 226 gold pieces.

Inventory:

Hand Weapons
 a - a +2 dagger of freezing (weapon)
 f - a +2 dagger
 l - a +0 sling
 w - a +0 quarterstaff
Missiles
 d - 9 poisoned darts (quivered)
 e - 3 curare-tipped darts
 p - 9 stones
 u - 4 javelins
 B - 5 boomerangs
Armour
 b - a +0 robe
 c - a +0 cloak (worn)
 h - a +0 pair of gloves (worn)
 s - a +0 leather armour (worn)
 x - a +0 ring mail
Magical Staves
 g - a staff of conjuration
Jewellery
 z - a ring of willpower (left hand)
Scrolls
 k - a scroll of immolation {unknown}
 m - a scroll of vulnerability {unknown}
 n - a scroll of amnesia {unknown}
 o - a scroll of fear {unknown}
 q - 2 scrolls of teleportation {unknown}
 y - a scroll of butterflies {unknown}
 C - a scroll of magic mapping {unknown}
Potions
 i - a potion of flight {unknown}
 j - 6 potions of heal wounds {unknown}
 r - a potion of brilliance {unknown}
 t - a potion of might {unknown}
 v - 2 potions of attraction {unknown}
 A - a potion of invisibility {unknown}


   Skills:
 + Level 2.1 Fighting
 * Level 3.9 Short Blades
 + Level 2.0 Throwing
 + Level 1.7 Armour
 + Level 1.5 Dodging
 + Level 6.7 Stealth


You had 5 spell levels left.
You didn't know any spells.
Your spell library contained the following spells:

 Spells                   Type           Power      Damage    Failure   Level
 Slow                     Hex            0%         N/A       41%         1
 Sublimation of Blood     Necr           0%         N/A       54%         2
 Wereblood                Tmut           0%         N/A       54%         2
 Confusing Touch          Hex            0%         N/A       78%         3
 Frozen Ramparts          Ice            0%         1d1       78%         3
 Vampiric Draining        Necr           0%         2d6       78%         3
 Ice Form                 Ice/Tmut       0%         N/A       99%         4
 Summon Ice Beast         Ice/Summ       0%         N/A       99%         4
 Summon Hydra             Summ           0%         N/A       100%        7


Dungeon Overview and Level Annotations

Branches:
Dungeon (3/15)

Altars:

Shops:
D:1 (   D:2 *(   D:3 [

Annotations:
D:3 Crazy Yiuf


Innate Abilities, Weirdness & Mutations

You have extremely sharp teeth.
Your natural rate of healing is unusually fast.
When hurt, damage is shared between your health and your magic reserves.
Your bite disrupts and absorbs the magic of your enemies.
Potions cannot restore your health.


Message History

You hit the bat. You freeze the bat.
The bat is almost dead.
The bat misses you. x2
You hit the bat. You freeze the bat.
You kill the bat!
No target in view!
Magic restored.
p - 9 stones (gained 6)
You see here a +0 club.
Things that are here:
a +0 scythe; a +2 robe of the Archmagi You see here a +0 club.
There is a stone staircase leading down here.
You see here a +0 club.
No reachable target in view!
No reachable target in view!
You open the door.
Crazy Yiuf shouts!
You hit Crazy Yiuf but do no damage. Your bite misses Crazy Yiuf.
Crazy Yiuf hits you with a +3 quarterstaff of chaos!
You hit Crazy Yiuf. You freeze Crazy Yiuf.
Crazy Yiuf is lightly wounded.
You barely miss Crazy Yiuf. You bite Crazy Yiuf, but do no damage.
Crazy Yiuf is lightly wounded.
Crazy Yiuf hits you with a +3 quarterstaff of chaos!
You feel agile all of a sudden.
You hit Crazy Yiuf but do no damage. You bite Crazy Yiuf, but do no damage.
Crazy Yiuf is lightly wounded.
Crazy Yiuf barely misses you.
You barely miss Crazy Yiuf. You bite Crazy Yiuf. You drain his power.
You feel invigorated.
Crazy Yiuf is moderately wounded.
Crazy Yiuf hits you with a +3 quarterstaff of chaos!
* * * LOW HITPOINT WARNING * * *
You feel drained.
You hit Crazy Yiuf. You freeze Crazy Yiuf. You bite Crazy Yiuf.
You drain his power.
You feel invigorated.
Crazy Yiuf is heavily wounded.
Crazy Yiuf hits you with a +3 quarterstaff of chaos!
You die...

##### #### #..)# #..# #...#
############ #.## ...
#........... #.# #g# #...<.......
#########.## ##@# #...........
#..........# #.## #...........
#..##[##..## ##.# #...........
...##.##...# #.## #...........
...........# ##.## #...........
..........## #...## #...........
..........<# #....# #...........
....#.#.#..# #....# #...........
#.....#.#..####..#####..).....#..


You could see Crazy Yiuf.

Vanquished Creatures
  Sigmund (D:3)
  4 gnolls
  4 adders
  A worm (D:2)
  4 dart slugs
  2 orcs (D:3)
  3 ball pythons
  6 endoplasms
  3 giant cockroaches
  7 goblins
  8 hobgoblins
  3 jackals (D:2)
  4 quokkas
  7 bats
  6 frilled lizards
  7 kobolds
  6 rats
76 creatures vanquished.

Notes
Turn   | Place    | Note
-------+----------+-------------------------------------------
     0 | D:1      | jimonade the Vine Stalker Brigand began the quest for the
                  | Orb.
     0 | D:1      | Reached XP level 1. HP: 11/11 MP: 2/2
    82 | D:1      | Reached skill level 5 in Stealth
   124 | D:1      | Reached XP level 2. HP: 10/15 MP: 1/3
   192 | D:1      | Found Qupem's Weapon Shop.
   433 | D:1      | Reached XP level 3. HP: 18/18 MP: 4/4
   575 | D:1      | Reached skill level 1 in Dodging
  1067 | D:2      | Found Veuheug's Antique Weapon Emporium.
  1078 | D:2      | Gained mutation: Your natural rate of healing is unusually
                  | fast. [Vine Stalker growth]
  1078 | D:2      | Reached XP level 4. HP: 22/23 MP: 5/5
  1407 | D:2      | Found Beodiwuigh's General Store.
  1423 | D:2      | Reached skill level 6 in Stealth
  1521 | D:2      | Reached XP level 5. HP: 14/26 MP: 1/6
  1826 | D:3      | Found Wisheid's Armour Boutique.
  1868 | D:3      | Noticed Sigmund
  2403 | D:3      | Found a runed translucent door.
  2404 | D:3      | Noticed Crazy Yiuf
  2528 | D:3      | Killed Sigmund
  2529 | D:3      | Reached skill level 1 in Armour
  2529 | D:3      | Reached XP level 6. HP: 27/30 MP: 5/7
  2730 | D:3      | Slain by Crazy Yiuf

Illustrated notes

Levels and vault maps discovered:
D:1:      lemuel_arrival_hallway, layout_loops_ring, serial_shops, shop
D:2:      layout_basic, serial_shops, nicolae_diamond_shop, shop_fountains,
          nicolae_elevator_lobby_plus
D:3:      minmay_wonky_spiral, layout_basic, nicolae_gozag_seed_capital,
          serial_shops, shop, chequers_decorated_corner,
          uniq_crazy_yiuf_cottage, uniq_sigmund

Skill      XL: |  1  2  3  4  5 |
---------------+----------------+-----
Stealth        | 5 6 |  6.7
Short Blades   | 2 3 |  3.9
Dodging        | 1 |  1.5
Throwing       | 2 |  2.0
Fighting       | 2 |  2.1
Armour         | 1 |  1.7

Action                     |  1- 3 |  4- 6 || total
---------------------------+-------+-------++-------
  Melee: Dagger            |    73 |   114 ||   187
         Bite              |    11 |    30 ||    41
         Punch             |       |     1 ||     1
  Throw: Dart              |       |     4 ||     4
   Stab: Sleeping          |     9 |    10 ||    19
 Armour: Robe              |    10 |       ||    10
         Leather armour    |     1 |    28 ||    29
  Dodge: Dodged            |    25 |    56 ||    81

Table legend: (Time is in decaauts)
 A = Elapsed time spent in this place.
 B = Non-inter-level travel time spent in this place.
 C = Inter-level travel time spent in this place.
 D = Time resting spent in this place.
 E = Time spent auto-exploring this place.
 F = Levels seen in this place.
 G = Mean time per level.
                   A        B        C        D        E       F      G
               +--------+--------+--------+--------+--------+-----+--------+
         Total |   2704 |   2562 |    142 |     11 |   1872 |   3 |  901.3 |
       Dungeon |   2704 |   2562 |    142 |     11 |   1872 |   3 |  901.3 |
               +--------+--------+--------+--------+--------+-----+--------+

Top non-repeatable levels by time:
     D:2: 1035 daAuts
     D:3: 894 daAuts
     D:1: 775 daAuts
